 Dungeon Crawl Stone Soup version 0.24.0-35-gdb84b6a5db (webtiles) character file.

Game seed: 1938715029822016594, levelgen mode: deterministic

53 Delamore the Chopper (level 3, -1/31 HPs)
             Began as a Hill Orc Fighter on Nov 18, 2019.
             Slain by a gnoll
             ... wielding a +0 flail
              (5 damage)
             ... on level 1 of the Dungeon.
             The game lasted 00:01:13 (1332 turns).

Delamore the Chopper (Hill Orc Fighter)             Turns: 1332, Time: 00:01:14

Health: -1/31      AC:  6    Str: 19    XL:     3   Next: 89%
Magic:  12/12      EV:  7    Int:  8    God:
Gold:   60         SH:  9    Dex: 10    Spells: 2/2 levels left

rFire    . . .     SeeInvis .   a - +0 war axe
rCold    . . .     Gourm    .   c - +0 shield
rNeg     . . .     Faith    .   b - +0 scale mail
rPois    +         Spirit   .   (no helmet)
rElec    .         Reflect  .   (no cloak)
rCorr    .         Harm     .   (no gloves)
MR       .....                  (no boots)
Stlth    ..........             k - amulet of the acrobat
HPRegen  0.10/turn              i - ring of magical power
MPRegen  0.13/turn              p - ring of poison resistance

@: no status effects
A: no striking features
a: no special abilities


You were on level 1 of the Dungeon.
You were not hungry.

You visited 1 branch of the dungeon, and saw 2 of its levels.

You collected 60 gold pieces.

Inventory:

Hand Weapons
 a - a +0 war axe (weapon)
Armour
 b - a +0 scale mail (worn)
 c - a +0 shield (worn)
Jewellery
 i - a ring of magical power (left hand)
 k - an amulet of the acrobat (around neck)
 p - a ring of poison resistance (right hand)
Scrolls
 h - a scroll of identify {unknown}
 j - 3 scrolls of remove curse {unknown}
 m - a scroll of immolation {unknown}
 o - a scroll of teleportation {unknown}
 q - a scroll of amnesia {unknown}
Potions
 d - 2 potions of might
 e - a potion of lignification {unknown}
 g - a potion of curing {unknown}
 l - a potion of mutation
Comestibles
 f - a ration


   Skills:
 - Level 3.6 Fighting
 + Level 5.4 Axes
 - Level 3.2 Armour
 - Level 3.2 Shields


You had 2 spell levels left.
You didn't know any spells.
Your spell library was empty.

Dungeon Overview and Level Annotations

Branches:
Dungeon (2/15)

Altars:


Message History

You are too injured to fight recklessly!
You are too injured to fight recklessly!
You are too injured to fight recklessly!
You closely miss the gnoll.
The gnoll is moderately wounded.
You hit the gnoll but do no damage. You block the gnoll's attack. x2
You hit the gnoll but do no damage.
The gnoll is moderately wounded.
You hit the gnoll. The gnoll hits you but does no damage.
You block the gnoll's attack.
You hit the gnoll.
The gnoll is heavily wounded.
You hit the gnoll. The gnoll hits you.
* * * LOW HITPOINT WARNING * * *
The gnoll hits you with a +0 flail.
* * * LOW HITPOINT WARNING * * *
It was a potion of mutation.
You feel extremely strange.
You feel clumsy.
You feel agile. You block the gnoll's attack.
The gnoll hits you with a +0 flail.
You die...

##...###...#....# #.# ....##
##..#..#.###.# ....##
##..#........#
.....###...###.#.####
...........# #.#.#
...........# #.#.#
##############...#
#########....##gg###########
........'.......@..........#
...######....###############
........#....#
.............#
.............#
..รท........### #).........#
#.......#### #.......#


You could see 2 gnolls.

Vanquished Creatures
  A gnoll (D:1)
  An adder (D:2)
  An ooze (D:1)
  A dart slug (D:1)
  A leopard gecko (D:1)
  4 bats (D:1)
  2 giant cockroaches (D:1)
  3 goblins (D:1)
  3 hobgoblins
  A ball python (D:1)
  3 kobolds (D:1)
  8 rats (D:1)
29 creatures vanquished.

Notes
Turn   | Place    | Note
-------+----------+-------------------------------------------
     0 | D:1      | Delamore the Hill Orc Fighter began the quest for the Orb.
     0 | D:1      | Reached XP level 1. HP: 19/19 MP: 1/1
    37 | D:1      | Reached skill level 3 in Axes
   503 | D:1      | Reached XP level 2. HP: 25/26 MP: 2/2
   505 | D:1      | Reached skill level 4 in Axes
   675 | D:1      | Reached XP level 3. HP: 29/31 MP: 3/3
  1041 | D:2      | Reached skill level 5 in Axes
  1332 | D:1      | Gained mutation: You are clumsy. (Dex -2) [potion of
                  | mutation]
  1332 | D:1      | Lost mutation: You are clumsy. (Dex -2) [potion of
                  | mutation]
  1332 | D:1      | Slain by a gnoll

Levels and vault maps discovered:
D:1:      erik_arrival_cave_to_civilisation [erik_arrival_cave_to_hall],
          layout_basic
D:2:      layout_rooms, uniq_robin

Skill      XL: |  1  2  3 |
---------------+----------+-----
Axes           | 3 4 5 |  5.4
Fighting       | |  3.6
Armour         | |  3.2
Shields        | |  3.2

Action                   || total
-------------------------++-------
Melee: War axe           ||    76
  Use: Potion            ||     1
  Eat: Chunk             ||     1
Armor: Scale mail        ||    38
Dodge: Dodged            ||    33
Block: Shield            ||    62
